details: 'Flashbang prays to God for victory'

« prev index next »

General information

Mini Map

Players

team 1
Random» HumanImProbablyUrDad (purple | 44 APM | 1862 actions | 42:43)
Hero icon 5 Mountain King
Ability icon 3 Storm Bolt
Ability icon 2 Bash
Hero icon 4 Paladin
Ability icon 1 Holy Light
Ability icon 2 Divine Shield
Ability icon 1 Devotion Aura

» actions
Basic commands8
Build / train104
Enter build submenu34
Enter hero's abilities submenu9
Give item / drop item2
Remove unit from queue7
Right click762
Select / deselect786
Use ability147
1862 total
» units
Peasant17
Footman6
Dragonhawk Rider8
Goblin Shredder1
Gryphon Rider8
Siege Engine11
51 total
» upgrades
Swords3
Masonry3
Defend1
Lumber Harvesting2
Armor4
Animal War Training1
Storm Hammers1
Cloud1
Barrage1
Plating3
Gunpowder3
23 total
» buildings
Altar of Kings1
Farm13
Barracks1
Lumber Mill1
Blacksmith2
Arcane Vault1
Keep1
Scout Tower4
Guard Tower3
Arcane Tower2
Town Hall3
Gryphon Aviary4
Castle1
Workshop3
40 total
» build order
00:09 Altar of Kings
00:24 Farm
01:56 Farm
02:15 Barracks
02:42 Farm
03:00 Lumber Mill
03:05 Blacksmith
03:14 Blacksmith
03:49 Arcane Vault
04:00 Farm
04:17 Keep
05:18 Scout Tower
05:19 Scout Tower
05:20 Scout Tower
05:22 Scout Tower
06:49 Guard Tower
06:51 Guard Tower
06:52 Arcane Tower
07:17 Farm
07:19 Farm
07:42 Town Hall
07:47 Arcane Tower
09:08 Gryphon Aviary
09:10 Gryphon Aviary
09:18 Gryphon Aviary
09:26 Gryphon Aviary
09:59 Castle
10:40 Farm
10:46 Farm
11:29 Farm
11:30 Farm
12:33 Town Hall
14:21 Farm
14:22 Farm
18:59 Farm
27:45 Workshop
28:00 Workshop
28:44 Workshop
33:14 Town Hall
38:22 Guard Tower
» items
Scroll of Regeneration3
Orb of Fire2
Scroll of Town Portal2
7 total
OrcDannyWoodhead (blue | 45 APM | 3673 actions | 81:40)
Hero icon 10 Blademaster
Ability icon 3 Wind Walk
Ability icon 3 Critical Strike
Ability icon 1 Bladestorm
Ability icon 3 Mirror Image

» actions
Assign group hotkey49
Basic commands298
Build / train93
Enter build submenu89
Enter hero's abilities submenu11
Give item / drop item2
Remove unit from queue1
Right click1483
Select / deselect586
Select group hotkey515
Use ability546
3673 total
» units
Peon11
Grunt3
Goblin Shredder2
Goblin Sapper4
Wind Rider5
Troll Batrider33
Goblin Zeppelin1
59 total
» upgrades
Ranged Weapons3
Armor3
Troll Regeneration0
Reinforced Defenses1
Envenomed Spears1
Liquid Fire1
9 total
» buildings
Altar of Storms1
Orc Burrow7
Barracks1
Voodoo Lounge1
Stronghold1
War Mill4
Great Hall9
Watch Tower78
Fortress1
Beastiary10
113 total
» build order
00:35 Altar of Storms
00:38 Orc Burrow
01:06 Barracks
01:10 Voodoo Lounge
01:46 Orc Burrow
03:26 Stronghold
03:34 War Mill
04:48 Great Hall
04:51 Great Hall
05:51 Orc Burrow
06:36 Watch Tower
06:37 Watch Tower
06:40 Watch Tower
06:41 Watch Tower
06:44 Watch Tower
06:45 Watch Tower
06:47 Watch Tower
06:49 Watch Tower
07:46 Fortress
11:16 Beastiary
11:18 Beastiary
11:21 Beastiary
11:23 Beastiary
12:47 Watch Tower
12:47 Watch Tower
12:49 Watch Tower
12:50 Watch Tower
12:52 Watch Tower
12:53 Watch Tower
12:54 Watch Tower
12:56 Watch Tower
13:03 Watch Tower
13:07 Watch Tower
13:50 Watch Tower
13:55 Watch Tower
14:00 Great Hall
14:56 Great Hall
15:01 Watch Tower
15:02 Watch Tower
15:04 Watch Tower
15:05 Watch Tower
15:06 Watch Tower
15:11 Watch Tower
15:13 Watch Tower
15:14 Watch Tower
15:18 Watch Tower
15:20 Watch Tower
15:26 Watch Tower
15:27 Watch Tower
15:28 Watch Tower
17:09 Great Hall
17:42 Watch Tower
17:43 Watch Tower
17:43 Watch Tower
17:44 Watch Tower
17:45 Watch Tower
17:47 Watch Tower
17:47 Watch Tower
17:48 Watch Tower
20:15 Orc Burrow
20:17 Orc Burrow
22:42 Watch Tower
22:43 Watch Tower
22:45 Watch Tower
22:49 Watch Tower
23:00 Watch Tower
23:02 Watch Tower
23:03 Watch Tower
23:04 Watch Tower
23:06 Watch Tower
23:06 Watch Tower
23:07 Watch Tower
23:07 Watch Tower
23:09 Watch Tower
23:11 Watch Tower
23:11 Watch Tower
23:12 Watch Tower
23:12 Watch Tower
23:12 Watch Tower
23:13 Watch Tower
23:14 Watch Tower
23:43 War Mill
26:48 Watch Tower
27:51 Great Hall
28:35 Orc Burrow
28:37 Orc Burrow
31:26 Watch Tower
31:27 Watch Tower
31:28 Watch Tower
31:28 Watch Tower
33:53 War Mill
33:55 War Mill
34:05 Great Hall
38:42 Great Hall
38:49 Watch Tower
38:50 Watch Tower
38:52 Watch Tower
38:53 Watch Tower
38:54 Watch Tower
38:56 Watch Tower
38:56 Watch Tower
38:57 Watch Tower
39:03 Watch Tower
39:04 Watch Tower
39:04 Watch Tower
39:15 Watch Tower
43:45 Great Hall
45:07 Beastiary
45:08 Beastiary
45:10 Beastiary
45:13 Beastiary
45:16 Beastiary
45:18 Beastiary
» items
Healing Salve2
Boots of Speed1
Staff of Teleportation1
Orb of Lightning1
Potion of Lesser Invulnerability2
Scroll of Regeneration2
Dust of Appearance1
Scroll of Town Portal1
11 total
OrcRal (orange | 30 APM | 1257 actions | 42:05)
Hero icon 8 Tauren Chieftain
Ability icon 2 War Stomp
Ability icon 3 Endurance Aura
Ability icon 3 Reincarnation
Hero icon 4 Shadow Hunter
Ability icon 2 Healing Wave
Ability icon 2 Hex

» actions
Assign group hotkey13
Basic commands56
Build / train91
Enter build submenu20
Enter hero's abilities submenu10
Give item / drop item3
Remove unit from queue2
Right click517
Select / deselect358
Select group hotkey126
Use ability61
1257 total
» units
Peon13
Grunt6
Troll Headhunter/Berserker14
Troll Witch Doctor6
Tauren6
Spirit Walker1
46 total
» upgrades
Armor1
Melee Weapons3
Pillage1
Berserker Strength1
Witch Doctor Training2
Reinforced Defenses1
Troll Regeneration1
Pulverize1
Berserker Upgrade1
Ranged Weapons2
Spiked Barricades2
Spirit Walker Training1
17 total
» buildings
Altar of Storms1
Orc Burrow8
Barracks2
Voodoo Lounge1
War Mill1
Stronghold1
Spirit Lodge1
Fortress1
Watch Tower1
Tauren Totem1
Great Hall2
20 total
» build order
00:10 Altar of Storms
00:21 Orc Burrow
00:33 Barracks
01:36 Orc Burrow
02:16 Voodoo Lounge
02:35 Orc Burrow
03:41 War Mill
04:48 Stronghold
07:12 Orc Burrow
07:54 Spirit Lodge
08:09 Orc Burrow
08:31 Fortress
09:25 Watch Tower
10:07 Orc Burrow
11:01 Tauren Totem
12:16 Great Hall
18:34 Orc Burrow
19:36 Orc Burrow
21:19 Barracks
26:09 Great Hall
» items
Healing Salve1
Lesser Clarity Potion1
Scroll of Town Portal3
Orb of Lightning1
6 total
HumanFlashbang_Omnix (teal | 29 APM | 2386 actions | 81:40)
Hero icon 3 Paladin
Ability icon 1 Holy Light
Ability icon 2 Devotion Aura

» actions
Basic commands15
Build / train150
ESC pressed5
Enter build submenu14
Enter hero's abilities submenu3
Give item / drop item1
Right click1664
Select / deselect407
Use ability127
2386 total
» units
Peasant18
18 total
» upgrades
Masonry3
Lumber Harvesting2
Magic Sentry1
6 total
» buildings
Lumber Mill1
Farm2
Altar of Kings1
Scout Tower16
Arcane Tower1
Guard Tower36
Keep4
Arcane Vault4
Arcane Sanctum1
Castle1
67 total
» build order
00:15 Lumber Mill
00:18 Farm
00:20 Farm
00:22 Altar of Kings
02:16 Scout Tower
02:21 Scout Tower
02:22 Scout Tower
02:25 Scout Tower
03:03 Arcane Tower
03:04 Guard Tower
03:05 Guard Tower
03:16 Guard Tower
04:04 Scout Tower
04:04 Scout Tower
04:05 Scout Tower
04:07 Scout Tower
04:14 Scout Tower
04:16 Scout Tower
04:17 Scout Tower
04:18 Scout Tower
04:38 Guard Tower
04:42 Guard Tower
04:44 Guard Tower
04:45 Guard Tower
04:51 Guard Tower
04:59 Guard Tower
05:08 Guard Tower
05:10 Guard Tower
05:36 Keep
05:36 Keep
05:36 Keep
05:51 Arcane Vault
05:52 Arcane Vault
05:54 Arcane Vault
06:06 Arcane Vault
06:25 Scout Tower
06:27 Scout Tower
06:28 Scout Tower
06:30 Scout Tower
06:58 Guard Tower
06:59 Guard Tower
08:12 Arcane Sanctum
08:20 Castle
08:49 Guard Tower
08:56 Guard Tower
08:56 Guard Tower
10:05 Guard Tower
10:07 Guard Tower
10:08 Guard Tower
10:28 Guard Tower
11:39 Guard Tower
12:43 Guard Tower
12:44 Guard Tower
14:16 Guard Tower
14:46 Guard Tower
15:30 Guard Tower
15:38 Guard Tower
16:54 Guard Tower
18:22 Guard Tower
19:37 Guard Tower
19:43 Guard Tower
21:18 Guard Tower
21:19 Guard Tower
22:51 Guard Tower
24:34 Guard Tower
24:36 Guard Tower
» items
Ivory Tower75
Scroll of Town Portal4
Scroll of Speed1
80 total
team 2
HumanDRATSABSUCKSNOW (red | 40 APM | 3297 actions | 81:41)
Hero icon 10 Mountain King
Ability icon 3 Storm Bolt
Ability icon 3 Bash
Ability icon 1 Avatar
Ability icon 3 Thunder Clap

» actions
Assign group hotkey56
Basic commands74
Build / train137
Enter build submenu53
Enter hero's abilities submenu10
Give item / drop item8
Right click1325
Select / deselect611
Select group hotkey831
Use ability192
3297 total
» units
Peasant12
Footman8
Goblin Shredder5
Dragonhawk Rider18
Gryphon Rider13
Kobold Geomancer1
57 total
» upgrades
Defend1
Swords3
Masonry3
Armor3
Animal War Training1
Storm Hammers1
Gunpowder2
Plating1
Cloud1
16 total
» buildings
Altar of Kings2
Farm15
Barracks1
Scout Tower25
Arcane Tower2
Town Hall4
Lumber Mill1
Keep3
Blacksmith1
Guard Tower19
Castle2
Gryphon Aviary4
Arcane Vault2
Orc Burrow1
82 total
» build order
00:05 Altar of Kings
00:09 Farm
00:12 Barracks
01:24 Farm
02:22 Scout Tower
02:26 Farm
02:49 Arcane Tower
04:28 Farm
06:01 Town Hall
06:08 Scout Tower
06:35 Arcane Tower
06:38 Lumber Mill
06:45 Keep
06:45 Keep
06:49 Blacksmith
07:47 Scout Tower
07:49 Scout Tower
07:50 Scout Tower
08:19 Guard Tower
08:41 Guard Tower
08:48 Farm
09:18 Guard Tower
09:18 Guard Tower
09:21 Castle
09:22 Castle
09:25 Gryphon Aviary
09:28 Gryphon Aviary
09:42 Arcane Vault
09:48 Scout Tower
09:50 Scout Tower
09:58 Scout Tower
10:41 Guard Tower
11:38 Guard Tower
13:31 Farm
13:34 Farm
13:36 Scout Tower
13:37 Scout Tower
13:38 Scout Tower
13:39 Scout Tower
13:40 Scout Tower
14:57 Arcane Vault
15:06 Guard Tower
15:07 Keep
15:12 Guard Tower
15:41 Guard Tower
16:44 Guard Tower
16:44 Guard Tower
16:59 Guard Tower
17:42 Gryphon Aviary
17:45 Gryphon Aviary
18:55 Farm
19:13 Farm
21:31 Farm
21:35 Scout Tower
21:37 Scout Tower
21:39 Scout Tower
21:41 Scout Tower
21:43 Scout Tower
21:44 Scout Tower
22:17 Guard Tower
23:09 Town Hall
23:45 Scout Tower
23:45 Scout Tower
24:42 Guard Tower
25:03 Guard Tower
25:03 Guard Tower
25:08 Scout Tower
25:09 Scout Tower
26:09 Guard Tower
31:57 Town Hall
32:15 Town Hall
37:44 Farm
37:46 Farm
39:04 Scout Tower
39:06 Scout Tower
39:50 Guard Tower
39:51 Guard Tower
58:08 Farm
59:16 Orc Burrow
59:37 Altar of Kings
60:03 Farm
60:36 Farm
» items
Orb of Fire1
Scroll of Town Portal4
Scroll of Regeneration7
Lesser Clarity Potion4
Ivory Tower1
Potion of Healing4
Potion of Mana1
Scroll of Healing1
Boots of Speed2
Staff of Teleportation1
26 total
UndeadWELKER-OWNS- (green | 36 APM | 2953 actions | 81:40)
Hero icon 9 Dreadlord
Ability icon 3 Sleep
Ability icon 3 Vampiric Aura
Ability icon 1 Inferno
Ability icon 2 Carrion Swarm

» actions
Assign group hotkey77
Basic commands4
Build / train95
Enter build submenu23
Enter hero's abilities submenu9
Give item / drop item7
Remove unit from queue3
Right click1160
Select / deselect432
Select group hotkey1000
Use ability143
2953 total
» units
Acolyte10
Ghoul4
Crypt Fiend4
Goblin Shredder1
Gargoyle12
Frost Wyrm7
Obsidian Statue1
Meatwagon3
42 total
» upgrades
Creature Attack2
Web1
Creature Carapace2
Burrow1
6 total
» buildings
Graveyard1
Crypt2
Altar of Darkness2
Ziggurat19
Tomb of Relics1
Nerubian Tower2
Halls of the Dead1
Spirit Tower9
Necropolis1
Black Citadel1
Sacrificial Pit1
Boneyard2
Slaughterhouse1
43 total
» build order
00:08 Graveyard
00:12 Crypt
00:42 Altar of Darkness
01:00 Ziggurat
01:32 Tomb of Relics
01:57 Ziggurat
02:00 Nerubian Tower
04:21 Halls of the Dead
05:27 Ziggurat
05:29 Ziggurat
05:30 Ziggurat
06:10 Ziggurat
06:31 Spirit Tower
06:37 Spirit Tower
07:19 Spirit Tower
07:54 Spirit Tower
08:43 Necropolis
09:24 Black Citadel
09:26 Sacrificial Pit
09:51 Ziggurat
09:52 Ziggurat
09:52 Ziggurat
11:17 Spirit Tower
11:46 Boneyard
11:50 Boneyard
12:56 Crypt
15:19 Ziggurat
15:19 Ziggurat
15:22 Ziggurat
15:22 Ziggurat
16:42 Nerubian Tower
21:03 Ziggurat
21:04 Ziggurat
21:58 Ziggurat
21:59 Ziggurat
22:04 Slaughterhouse
22:14 Spirit Tower
22:53 Spirit Tower
22:56 Spirit Tower
22:58 Spirit Tower
51:48 Altar of Darkness
52:17 Ziggurat
» items
Rod of Necromancy2
Scroll of Regeneration1
Potion of Healing1
Potion of Mana1
Potion of Invisibility4
Potion of Lesser Invulnerability3
Staff of Teleportation1
Scroll of Town Portal5
Dust of Appearance1
19 total
Random» Justinfans (yellow | 0 APM | 28 actions | 57:05)

» actions
Enter build submenu2
Select / deselect24
Use ability2
28 total
» buildings
Orc Burrow2
2 total
» build order
15:45 Orc Burrow
30:46 Orc Burrow
Random» Humanunemployedddddd (pink | 35 APM | 1128 actions | 32:15)
Hero icon 3 Archmage
Ability icon 1 Blizzard
Ability icon 1 Summon Water Elemental
Ability icon 1 Brilliance Aura

» actions
Basic commands16
Build / train99
ESC pressed1
Enter build submenu32
Enter hero's abilities submenu3
Remove unit from queue9
Right click475
Select / deselect391
Use ability102
1128 total
» units
Peasant40
Mortar Team15
Flying Machine2
Siege Engine-2
Assassin1
56 total
» upgrades
Masonry2
Gunpowder2
Armor2
Flare1
Lumber Harvesting2
Barrage1
Fragmentation Shards1
Plating1
12 total
» buildings
Altar of Kings2
Farm9
Lumber Mill2
Town Hall1
Arcane Vault2
Keep2
Blacksmith1
Scout Tower8
Guard Tower4
Arcane Tower1
Workshop3
Castle1
36 total
» build order
00:27 Altar of Kings
00:31 Farm
01:08 Farm
01:39 Lumber Mill
01:51 Farm
03:39 Town Hall
03:52 Arcane Vault
04:34 Arcane Vault
05:19 Keep
05:19 Keep
05:26 Blacksmith
05:34 Scout Tower
05:39 Scout Tower
05:43 Scout Tower
06:04 Farm
06:09 Guard Tower
06:13 Guard Tower
06:16 Arcane Tower
06:51 Farm
07:28 Scout Tower
07:32 Scout Tower
07:35 Scout Tower
07:54 Workshop
07:56 Workshop
08:00 Workshop
08:02 Guard Tower
08:23 Scout Tower
08:32 Scout Tower
08:43 Guard Tower
09:36 Farm
09:40 Farm
10:51 Farm
11:00 Farm
12:14 Castle
12:25 Lumber Mill
22:50 Altar of Kings
» items
Potion of Healing3
Lesser Clarity Potion2
Orb of Fire1
Scroll of Town Portal1
7 total

Chat log

(00:24 / All) WELKER-OWNS-: teal dont u post on forums
(00:32 / All) Flashbang_Omnix: yep that's me
(00:34 / All) DRATSABSUCKSNOW: when is that wc3 overhaul going to be done?
(00:48 / All) Flashbang_Omnix: what overhaul?
(00:53 / All) DannyWoodhead: When the sun rises in the West
(00:55 / All) DRATSABSUCKSNOW: the one you won't stop posting about
(01:09 / All) Flashbang_Omnix: gave up on it for a while
(01:17 / All) DRATSABSUCKSNOW: should do it all in the editor
(01:26 / All) Flashbang_Omnix: it's way discouraging and it's too long
(01:40 / All) Flashbang_Omnix: as for the new armor type and attack type
(01:43 / All) Flashbang_Omnix: it's ready
(01:55 / All) Flashbang_Omnix: the map too with the 2 stuff is also ready
(02:01 / All) DRATSABSUCKSNOW: nice, didn't know that could be done in the editor
(02:06 / All) DRATSABSUCKSNOW: but then I stopped mapping like 4 years ago
(02:06 / Allies) WELKER-OWNS-: take his min red
(02:13 / Allies) DRATSABSUCKSNOW: k
(02:14 / Allies) DRATSABSUCKSNOW: sec
(02:34 / All) DannyWoodhead: Teal who is your super bowl pick
(02:51 / All) Flashbang_Omnix: maybe the Jets
(02:59 / All) Flashbang_Omnix: i prefer green over blue anyday
(03:02 / All) DannyWoodhead: Are you retarded
(03:14 / All) Flashbang_Omnix: i dont watch football
(03:18 / All) DannyWoodhead: Obviously
(03:22 / Allies) DRATSABSUCKSNOW: I'll leave 1 yellow peon in case he comes back

(05:11 / Allies) WELKER-OWNS-: if i did that to u u would be pissed
(05:19 / Allies) DRATSABSUCKSNOW: just a shredder
(05:23 / Allies) DRATSABSUCKSNOW: I go without them all the time
(05:29 / Allies) DRATSABSUCKSNOW: especially on non-cherryville maps
(05:36 / Allies) WELKER-OWNS-: YOU shouldnt'
(05:39 / Allies) DRATSABSUCKSNOW: this is basically the only map I get them
(05:44 / Allies) DRATSABSUCKSNOW: half the maps suck cock and don't have them

(08:19 / Allies) WELKER-OWNS-: get a hero pink we'll kill them
(09:03 / Allies) WELKER-OWNS-: come itachi

(11:03 / Allies) WELKER-OWNS-: pink defend my expo if they hit

(15:33 / Allies) DRATSABSUCKSNOW: destros
(16:13 / Allies) WELKER-OWNS-: fight by towers wtf
(16:24 / Allies) WELKER-OWNS-: fucking itachi
(16:41 / Allies) DRATSABSUCKSNOW: thought I was, microing hero and shit pathfinding
(17:15 / Allies) WELKER-OWNS-: pink
(17:17 / Allies) WELKER-OWNS-: stop hitting blue
(17:19 / Allies) WELKER-OWNS-: jesus christ
(17:20 / Allies) WELKER-OWNS-: come help us
(18:05 / Allies) DRATSABSUCKSNOW: yellow you here?
(18:06 / Allies) unemployedddddd: $$please
(18:45 / All) DannyWoodhead: Didn't get bladestorm, oops

(20:30 / All) DRATSABSUCKSNOW: raped
(20:48 / Allies) WELKER-OWNS-: lets hit oj
(20:49 / Allies) WELKER-OWNS-: buy tps
(20:53 / Allies) DRATSABSUCKSNOW: have one
(20:56 / Allies) DRATSABSUCKSNOW: sec
(21:02 / Allies) DRATSABSUCKSNOW: buying pots + scrolls for max hp
(22:01 / Allies) DRATSABSUCKSNOW: go to middle
(22:03 / Allies) DRATSABSUCKSNOW: meet?
(22:18 / Allies) WELKER-OWNS-: stop
(22:19 / Allies) WELKER-OWNS-: k
(22:35 / Allies) unemployedddddd: $$please red
(23:16 / Allies) WELKER-OWNS-: tp?
(23:17 / Allies) DRATSABSUCKSNOW: expo pink
(23:24 / Allies) WELKER-OWNS-: kill oj expo
(24:12 / All) DRATSABSUCKSNOW: only took 1 cloud
(24:16 / Allies) DRATSABSUCKSNOW: tp?
(24:28 / Allies) DRATSABSUCKSNOW: TP
(24:36 / Allies) DRATSABSUCKSNOW: or not?
(24:37 / Allies) DRATSABSUCKSNOW: moron
(24:42 / Allies) WELKER-OWNS-: i was waiting for u
(24:43 / Allies) WELKER-OWNS-: idoit
(24:44 / Allies) WELKER-OWNS-: U DIDNT TO
(24:49 / Allies) DRATSABSUCKSNOW: was waiting
(24:55 / Allies) WELKER-OWNS-: lets hti purple
(24:55 / Allies) DRATSABSUCKSNOW: didn't want to suicide my shit if you didn't
(25:00 / Allies) WELKER-OWNS-: same for me
(25:18 / Allies) WELKER-OWNS-: use hawks fast
(26:06 / Allies) WELKER-OWNS-: towers
(26:07 / All) Flashbang_Omnix: wow
(26:10 / All) DRATSABSUCKSNOW: raped
(26:11 / All) Flashbang_Omnix: sucky allies
(26:12 / All) WELKER-OWNS-: raped lalw
(26:14 / All) Flashbang_Omnix: good for you guys
(26:16 / All) DRATSABSUCKSNOW: you suck too teal
(26:20 / All) DRATSABSUCKSNOW: this was 2v3
(26:21 / All) DRATSABSUCKSNOW: we had afker
(26:22 / All) Flashbang_Omnix: no I don't
(26:22 / All) WELKER-OWNS-: im mugaroiscool on forums teal
(26:38 / All) Flashbang_Omnix: why should I believe you?
(26:45 / All) Flashbang_Omnix: why aren'y ya in that account then?
(26:47 / All) DRATSABSUCKSNOW: he is, he posts replays of stabbing all the time
(26:55 / All) DRATSABSUCKSNOW: 3 stabbers in this game
(26:56 / All) DRATSABSUCKSNOW: we had to match
(27:01 / All) Flashbang_Omnix: anyways no excuse for not saving allies
(27:14 / All) DannyWoodhead: Not worth the hassle really
(27:24 / All) DannyWoodhead: I never much liked my dad
(27:39 / Allies) WELKER-OWNS-: lets finish pruple
(27:51 / Allies) DRATSABSUCKSNOW: I think he massed dhawks
(27:59 / Allies) WELKER-OWNS-: thats hwy
(28:28 / Allies) WELKER-OWNS-: come
(28:48 / Allies) WELKER-OWNS-: come man
(28:49 / Allies) WELKER-OWNS-: ignore that
(28:50 / Allies) WELKER-OWNS-: shit
(28:53 / Allies) WELKER-OWNS-: purples main base
(28:56 / Allies) DRATSABSUCKSNOW: attack from here
(28:58 / Allies) DRATSABSUCKSNOW: and hit expos
(29:05 / Allies) WELKER-OWNS-: ur gonna lsoe ur shit
(29:07 / Allies) WELKER-OWNS-: jesus christ
(29:16 / Allies) DRATSABSUCKSNOW: i lost 1 unit
(29:17 / Allies) WELKER-OWNS-: u see man
(29:19 / Allies) WELKER-OWNS-: fuckign listne to me
(29:27 / Allies) DRATSABSUCKSNOW: 1 unit for 8 towers is cost effective btw
(29:34 / Allies) DRATSABSUCKSNOW: sec
(29:36 / Allies) WELKER-OWNS-: lets finis that
(29:44 / Allies) DRATSABSUCKSNOW: k omw
(30:26 / All) DannyWoodhead: what?
(30:40 / All) DannyWoodhead: shut up dad
(30:47 / All) DannyWoodhead: You always said I'd never amount to anything
(31:04 / Allies) DRATSABSUCKSNOW: no dhawks for cloud
(31:06 / Allies) DRATSABSUCKSNOW: btw
(31:29 / All) DRATSABSUCKSNOW: nice lumber mining
(31:59 / Allies) DRATSABSUCKSNOW: mine god damn
(32:21 / All) Flashbang_Omnix: what's wrong?
(32:23 / All) Flashbang_Omnix: ooo
(32:32 / All) DRATSABSUCKSNOW: nothing, just expoing since green took it
(32:38 / Allies) WELKER-OWNS-: cancel the fucking expo
(32:52 / Allies) DRATSABSUCKSNOW: where the hell else do i expo?
(32:54 / All) Flashbang_Omnix: blue = 16000 gold
(32:57 / All) Flashbang_Omnix: what a moron
(33:00 / All) DRATSABSUCKSNOW: lol
(33:06 / All) Flashbang_Omnix: no wonder you guys are stalling us
(33:18 / All) Flashbang_Omnix: this could had been over way sooner
(33:21 / All) Flashbang_Omnix: for real
(33:25 / All) Flashbang_Omnix: check the replay
(33:30 / All) Flashbang_Omnix: blue = over 16k
(33:45 / All) DRATSABSUCKSNOW: I will, and I'll upload it to highper.ch since I enjoyed raping you and your shitty towers
(33:51 / Allies) WELKER-OWNS-: what is ur fucking rpoblem man
(33:58 / All) DRATSABSUCKSNOW: no idea why the fuck you think you could balance the game better than blizzard
(34:00 / Allies) WELKER-OWNS-: i was building that mine before u did
(34:07 / Allies) DRATSABSUCKSNOW: i was saving up gold to
(34:11 / Allies) WELKER-OWNS-: I CAN FEED U
(34:13 / Allies) WELKER-OWNS-: SO WA SI
(34:23 / Allies) DRATSABSUCKSNOW: I have like 158 gold, I desperately need income
(34:26 / All) Flashbang_Omnix: the thing thing that can clearly explain it
(34:35 / All) DRATSABSUCKSNOW: "the thing thing"
(34:36 / All) DRATSABSUCKSNOW: moron
(34:38 / All) Flashbang_Omnix: is the protectors and spirit/nerub towers
(34:43 / All) Flashbang_Omnix: in this FT
(34:53 / All) Flashbang_Omnix: they have fort armor
(35:08 / All) DRATSABSUCKSNOW: cool story brah
(35:10 / All) Flashbang_Omnix: and guard towers and watch towers don't?
(35:18 / All) Flashbang_Omnix: yeah it's cool already
(35:23 / All) Flashbang_Omnix: cuz I am RIGHT
(35:28 / All) Flashbang_Omnix: you betcha
(35:36 / All) DRATSABSUCKSNOW: it will be even more when people laugh at you for being so shitty and dryraped on highper.ch
(35:37 / Allies) WELKER-OWNS-: u kill middle right
(35:41 / Allies) DRATSABSUCKSNOW: yes
(35:50 / All) Flashbang_Omnix: dude
(35:55 / All) Flashbang_Omnix: then explain this game?
(36:02 / All) Flashbang_Omnix: why did you lose this game?
(36:02 / All) DRATSABSUCKSNOW: ?
(36:04 / All) DRATSABSUCKSNOW: I won
(36:06 / All) DRATSABSUCKSNOW: you suck cock
(36:10 / All) ImProbablyUrDad: u guys lose
(36:11 / All) DRATSABSUCKSNOW: and blue is on our team, meet Turncoat
(36:12 / All) Flashbang_Omnix: no you losing it

(40:02 / Allies) DRATSABSUCKSNOW: kill
(40:14 / All) Flashbang_Omnix: ya still losing this game freaks
(40:20 / All) DRATSABSUCKSNOW: no
(40:25 / All) DRATSABSUCKSNOW: blue is stabbing you retards
(40:26 / All) Flashbang_Omnix: so much of what I was been talking bout
(40:33 / All) Flashbang_Omnix: yeah but even so
(40:34 / All) DRATSABSUCKSNOW: kill yourself
(40:47 / All) ImProbablyUrDad: how is blue stabbing us?
(40:52 / All) DRATSABSUCKSNOW: give it a sec
(40:58 / All) ImProbablyUrDad: i mean why?
(41:04 / All) ImProbablyUrDad: do u know him
(41:05 / All) DRATSABSUCKSNOW: he is on our team of 3
(41:25 / All) ImProbablyUrDad: why is blue bs?
(41:26 / All) Flashbang_Omnix: no
(41:27 / All) ImProbablyUrDad: is it u?
(41:30 / All) DRATSABSUCKSNOW: lol
(41:40 / All) ImProbablyUrDad: i meant red
(41:46 / All) ImProbablyUrDad: he was helping us all game tho.
(41:54 / All) DRATSABSUCKSNOW: ?
(41:59 / All) DRATSABSUCKSNOW: blue never helps, I know his playstyle
(42:05 / All) DRATSABSUCKSNOW: only if it's manipulation and coercion
(42:19 / All) ImProbablyUrDad: Will blue win this game then
(42:19 / All) Flashbang_Omnix: damn why may lose this after all
(42:21 / All) ImProbablyUrDad: ?
(42:26 / All) Flashbang_Omnix: but otherwise you guys blow
(42:27 / All) DRATSABSUCKSNOW: yep, you did from the start
(42:32 / All) Flashbang_Omnix: nah
(42:39 / All) Flashbang_Omnix: if blue would had given gold
(42:39 / All) ImProbablyUrDad: eh you guys still prettty average
(42:41 / All) Flashbang_Omnix: to us
(42:41 / All) DRATSABSUCKSNOW: we saw your name and thought "this lobotomized cranially challenged monkey loses"
(42:48 / All) Flashbang_Omnix: we blow you guys like blow fish
(42:51 / All) DannyWoodhead: How much gold do I have teal?
(42:51 / All) DRATSABSUCKSNOW: lol
(42:53 / All) DRATSABSUCKSNOW: try it
(43:03 / All) WELKER-OWNS-: i take it purple and teal were friends
(43:13 / All) Flashbang_Omnix: you have over 15777 gold now
(43:14 / All) DRATSABSUCKSNOW: maybe, they sucked
(43:20 / All) DannyWoodhead: Yeah I ahve 25903
(43:25 / All) DannyWoodhead: Which is over 15k
(43:28 / All) Flashbang_Omnix: whatever im staying
(43:35 / All) DannyWoodhead: Is that a lot?
(43:39 / All) DRATSABSUCKSNOW: leave and get a tie or stay and get a loss
(43:40 / All) Flashbang_Omnix: I ain't gonna quit on this now
(43:46 / All) Flashbang_Omnix: not while blue has that much
(43:52 / All) DRATSABSUCKSNOW: Blue is stabbing retard
(43:58 / All) Flashbang_Omnix: if I leave I get a loss anyways
(44:00 / All) DRATSABSUCKSNOW: we could rape him anyway, 200/200 armies
(44:06 / All) DannyWoodhead: I plan on losing the game, in agreement that I get to mine as much gold as possible
(44:17 / All) Flashbang_Omnix: it doesn't matter
(44:20 / All) Flashbang_Omnix: im staying
(44:32 / All) DRATSABSUCKSNOW: actually green might not be 100, maybe it's more like 170/200 on our side
(44:41 / All) DRATSABSUCKSNOW: Flamechamp, Turncoat, and Itachi
(44:46 / All) DRATSABSUCKSNOW: Check out our other rapage on highperch
(45:02 / All) Flashbang_Omnix: yeah I'll bet it's guard and watch towers
(45:07 / Allies) DRATSABSUCKSNOW: this burrow is so confusing
(45:09 / All) Flashbang_Omnix: and arcane towers mostly
(45:11 / All) Flashbang_Omnix: right?
(45:19 / All) DRATSABSUCKSNOW: I have no idea what the fuck you're talking about
(45:21 / All) Flashbang_Omnix: nah I don't have to see it
(45:28 / All) Flashbang_Omnix: i pretty much know it
(45:32 / All) DRATSABSUCKSNOW: cool
(45:52 / All) Flashbang_Omnix: I've seen at least 4 BEAR_AND replays
(46:02 / All) DRATSABSUCKSNOW: ok?
(46:03 / All) Flashbang_Omnix: it was all the same with the 3 types of towers used
(46:13 / All) Flashbang_Omnix: with 1 or 2 arcane towers
(46:21 / All) DRATSABSUCKSNOW: we haven't played with BEAR_AND before, pretty sure. maybe green has once or something
(46:41 / Allies) DRATSABSUCKSNOW: you have gold to make a mine?
(46:50 / All) WELKER-OWNS-: there are no mines
(46:51 / All) WELKER-OWNS-: morons
(46:56 / All) DRATSABSUCKSNOW: there are, just very low gold
(47:07 / All) WELKER-OWNS-: why would i mine at a mine with only 200 gold idiot
(47:15 / All) DRATSABSUCKSNOW: the one near that aco has 500
(47:22 / All) Flashbang_Omnix: you can via long distance with workers
(47:27 / All) WELKER-OWNS-: WOW 500 GOLD
(47:32 / All) DRATSABSUCKSNOW: long distance mining in WC3? LOL
(47:40 / All) Flashbang_Omnix: if I win this
(47:53 / All) Flashbang_Omnix: I'll win this while you guys had squrmed in dispair
(48:16 / All) WELKER-OWNS-: DONT RUN ITACHI
(48:17 / All) WELKER-OWNS-: FIHT
(48:24 / All) DRATSABSUCKSNOW: bats
(48:31 / All) DRATSABSUCKSNOW: wtf did you do with your army
(48:43 / All) Flashbang_Omnix: he killed his own army
(48:46 / All) Flashbang_Omnix: for more bats
(48:47 / All) WELKER-OWNS-: I LOST IT FROM TANKS BECAUSE U DIDNT TP
(48:48 / All) Flashbang_Omnix: it's simple
(48:55 / All) DRATSABSUCKSNOW: not blue you moron

(50:11 / All) DRATSABSUCKSNOW: use your wyrms idiot
(50:37 / All) Flashbang_Omnix: lol 500 gold mine
(50:40 / All) Flashbang_Omnix: funny
(50:42 / All) WELKER-OWNS-: no, they are a reminder to you to tp when im getting raped by tanks
(51:14 / All) Flashbang_Omnix: haha
(51:16 / All) DRATSABSUCKSNOW: raped
(51:52 / All) Flashbang_Omnix: blue still has 17885 gold over
(52:05 / All) WELKER-OWNS-: giv eme gold so i can make a hero itachi
(52:24 / Allies) DRATSABSUCKSNOW: I have 0 income, I need to fight turncoat
(52:28 / Allies) DRATSABSUCKSNOW: I hope that is worth it
(52:42 / All) Flashbang_Omnix: lol Reveal
(52:48 / All) Flashbang_Omnix: you only wasting your money
(52:54 / All) WELKER-OWNS-: after this game itachi, no more whining from you. u fucking killed my expo and took my shredder and didn't tp when they hit me
(53:11 / All) Flashbang_Omnix: Itachi?
(53:13 / All) WELKER-OWNS-: also can i plz have 200 gold
(53:20 / All) Flashbang_Omnix: there's no Itachi in this game, green
(53:49 / All) WELKER-OWNS-: why running ur mk away
(53:51 / All) WELKER-OWNS-: u can kill his bm
(54:17 / All) DRATSABSUCKSNOW: because you're a fucking moron and have no army, wanted 600 gold for a hero when I have no income, and you're basically doing
(54:19 / All) DRATSABSUCKSNOW: nothing now?
(54:30 / All) Flashbang_Omnix: just leave
(54:31 / All) WELKER-OWNS-: its ur fault my base is gone
(54:33 / All) Flashbang_Omnix: it's over...
(54:34 / All) WELKER-OWNS-: red
(54:42 / All) Flashbang_Omnix: blabla bla
(54:44 / All) Flashbang_Omnix: who cares?
(54:46 / All) WELKER-OWNS-: u killed teal's main base when he wasn't getting untis
(54:50 / All) Flashbang_Omnix: people can be such idiots
(54:55 / All) Flashbang_Omnix: true
(55:02 / All) Flashbang_Omnix: I never had not a single unit
(55:07 / All) Flashbang_Omnix: except all peasants
(55:14 / All) Flashbang_Omnix: LOL
(55:20 / Allies) DRATSABSUCKSNOW: did you even get a hero?
(55:26 / All) Flashbang_Omnix: if ya guys had rushed us early
(55:28 / All) Flashbang_Omnix: which you did
(55:32 / All) Flashbang_Omnix: yet failed though
(55:32 / All) WELKER-OWNS-: i couldn't rez it turncoat took it out
(55:55 / All) WELKER-OWNS-: itachi when i criticize you, im constructively criticizing you, have to stop being so god damn defensive
(56:21 / All) Flashbang_Omnix: lol it's over red
(56:35 / All) DRATSABSUCKSNOW: he is stabbing you still, watch and see?
(56:44 / All) Flashbang_Omnix: even so
(56:48 / All) Flashbang_Omnix: im still staying...
(56:52 / All) Flashbang_Omnix: until the end...
(56:58 / All) DRATSABSUCKSNOW: just wasting your time, but ok
(57:14 / All) Flashbang_Omnix: I'll never leave
(57:19 / All) Flashbang_Omnix: and that's a promise
(57:56 / All) DRATSABSUCKSNOW: you click the "continue game" button? who does that?
(58:37 / All) Flashbang_Omnix: only Red and Green as enemies are here
(58:42 / All) DRATSABSUCKSNOW: ok?
(58:44 / All) Flashbang_Omnix: and Blue and I, Teal
(58:50 / All) DRATSABSUCKSNOW: blue is your enemy too
(59:01 / All) Flashbang_Omnix: that's your opinion...
(59:08 / All) DRATSABSUCKSNOW: it's an objective statement
(59:35 / All) Flashbang_Omnix: lol MK
(59:44 / All) Flashbang_Omnix: the only Hero red had
(59:45 / All) DRATSABSUCKSNOW: I would have won a hero duel ez
(59:52 / All) DRATSABSUCKSNOW: Just gay bats
(59:56 / All) Flashbang_Omnix: that may be true
(60:23 / All) WELKER-OWNS-: are u meatwagon driver on forums teal?
(60:37 / All) Flashbang_Omnix: no I'm Flashbang_omnix
(60:41 / All) Flashbang_Omnix: on the forum too
(61:03 / All) WELKER-OWNS-: cupid is 0-0, that means orange won?
(61:23 / All) DRATSABSUCKSNOW: ?
(61:28 / All) DRATSABSUCKSNOW: wtf you talking about?
(61:31 / All) WELKER-OWNS-: /stats cupid stupid
(61:38 / All) DRATSABSUCKSNOW: uh, that's turncoat
(61:43 / All) Flashbang_Omnix: lol blue is killing me
(61:47 / All) Flashbang_Omnix: but it doesn't matter
(61:49 / All) WELKER-OWNS-: if hes 0-0 that means game is over
(61:50 / All) DRATSABSUCKSNOW: I told you
(61:57 / All) DRATSABSUCKSNOW: He will kill all of his shit to give you the loss if he has to
(62:09 / All) Flashbang_Omnix: i don't care
(62:12 / All) Flashbang_Omnix: im staying...
(62:13 / All) WELKER-OWNS-: fucking blue left
(62:15 / All) DRATSABSUCKSNOW: You stayed the entire game
(62:18 / All) DRATSABSUCKSNOW: of course you care!
(62:27 / All) Flashbang_Omnix: remember the promise?
(62:34 / All) Flashbang_Omnix: I'll never backout
(62:36 / All) DRATSABSUCKSNOW: That you'd stay all game and never leave?
(62:46 / All) DRATSABSUCKSNOW: "Blackout"? You never promised that
(62:47 / All) Flashbang_Omnix: unless I disconnect that is
(62:57 / All) DRATSABSUCKSNOW: if a burglar broke in and knocked you out, it's a lie
(63:15 / All) Flashbang_Omnix: well God is with me
(63:22 / All) Flashbang_Omnix: He'll make sure I'll never lie
(63:32 / All) WELKER-OWNS-: orange record:
(63:33 / All) WELKER-OWNS-: Wins: 97Losses: 95
(63:33 / All) DRATSABSUCKSNOW: I thought you were an adult. Do you really believe in fairy tales?
(63:48 / All) DRATSABSUCKSNOW: Physics has disproven God
(63:52 / All) Flashbang_Omnix: it ain't "fairy tales" at all
(64:05 / All) Flashbang_Omnix: yeah well I can't trust humanity
(64:06 / All) DRATSABSUCKSNOW: God could not have created the universe because Time did not exist yet for there to be a time for him to do that
(64:09 / All) Flashbang_Omnix: they let me down
(64:23 / All) Flashbang_Omnix: the only good choice there is, is to select God
(64:24 / All) DRATSABSUCKSNOW: Time is the 4th dimension and only existed after the Big Bang
(64:27 / All) Flashbang_Omnix: period
(64:43 / All) DRATSABSUCKSNOW: When you die, you rot, because like all dieties before him he is false and only as power as the belief in him
(64:54 / All) DRATSABSUCKSNOW: *Powerful
(65:01 / All) Flashbang_Omnix: if you ain't saved and die in your sins
(65:06 / All) Flashbang_Omnix: you will go to Hell
(65:21 / All) Flashbang_Omnix: says so in the King James Version Holy Bible
(65:28 / All) Flashbang_Omnix: we are as the human race
(65:30 / All) DRATSABSUCKSNOW: The Bible can quote Cato and Ptolemy to suit its measure, but twisted words are an insult in the eyes of God
(65:32 / All) Flashbang_Omnix: are all sinners
(65:38 / All) Flashbang_Omnix: except for Jesus Christ
(65:45 / All) Flashbang_Omnix: He was human
(65:51 / All) Flashbang_Omnix: but actually is He is God
(65:54 / All) Flashbang_Omnix: one in the same
(66:07 / All) Flashbang_Omnix: He'll judge every man and woman
(66:11 / All) Flashbang_Omnix: according to their work
(66:15 / All) DRATSABSUCKSNOW: Jesus never existed, all records of him are from 40 years after he died
(66:39 / All) Flashbang_Omnix: if you believe in jesus Christ Who rose again from the dead
(66:42 / All) DRATSABSUCKSNOW: All men are equal in the eyes of God and so it follows that if he existed, I would go to heaven along with 99% of humanity
(66:45 / All) Flashbang_Omnix: thou shall be saved
(66:47 / All) DRATSABSUCKSNOW: Have you read the 1100 bible?
(66:57 / All) DRATSABSUCKSNOW: Only fallen angels, Satan, and Lucifer went to hell
(67:09 / All) DRATSABSUCKSNOW: Until the "modern" bibles, those two were different
(67:15 / All) DRATSABSUCKSNOW: In case you futiley attempt to correct me
(67:19 / All) Flashbang_Omnix: no people is going into Hell right now
(67:24 / All) DRATSABSUCKSNOW: When belief in God dies, so shall his religion and power
(67:28 / All) Flashbang_Omnix: cuz they don't want to believe in Jesus Christ
(67:40 / All) DRATSABSUCKSNOW: Pope John the 24th banned the laws of nature
(67:47 / All) Flashbang_Omnix: or His death wish -- His gift of eternal life of victory
(67:52 / All) DRATSABSUCKSNOW: That did not stop his palace roof from falling in on him and killing him
(68:11 / All) DRATSABSUCKSNOW: Gravity alone is more powerful than any diety, as that proved
(68:27 / All) Flashbang_Omnix: anyways I've said my piece
(68:35 / All) Flashbang_Omnix: Jesus Christ died for YOu
(68:39 / All) Flashbang_Omnix: out of love for you
(68:40 / All) DRATSABSUCKSNOW: Teal, to attempt to fathom His will is a foolish endeavor. If He is divine as you claim, it's impossible for mortals to underst
(68:43 / All) DRATSABSUCKSNOW: and the divine.
(69:02 / All) WELKER-OWNS-: i believe in adam and eve, seems more viable than jesus
(69:02 / All) DRATSABSUCKSNOW: If he has love for me, I have only hate for him because he is a fictional figure and does not exist outside of the Bible and
(69:05 / All) DRATSABSUCKSNOW: people's imaginations
(69:16 / All) WELKER-OWNS-: turncoat how was that chicken sandwhich
(69:23 / All) DannyWoodhead: Delicious
(69:29 / All) DannyWoodhead: Had some potato salad as well
(69:42 / All) WELKER-OWNS-: slop some mayonaise and mustard and you have yoruself quite the meal
(69:44 / All) WELKER-OWNS-: good isr
(69:45 / All) Flashbang_Omnix: potato salad ain't my favorite
(69:45 / All) DRATSABSUCKSNOW: Jesus was also an asshole in the bible. He allegedly murdered a kid who bumped into him on the street, only to resurrect him
(69:49 / All) DRATSABSUCKSNOW: later when his mother complained.
(69:52 / All) Flashbang_Omnix: but it's alright
(70:01 / All) WELKER-OWNS-: chicken with mayo and mustard is always good together
(70:06 / All) Flashbang_Omnix: Jesus Christ is God!
(70:16 / All) DannyWoodhead: I don't like mayo
(70:18 / All) WELKER-OWNS-: i want some low carb pizza
(70:22 / All) Flashbang_Omnix: i don't see why people want to ridicule Jesus Christ so badly
(70:23 / All) DRATSABSUCKSNOW: Impossible because he never existed outside of apocryphal records.
(70:25 / All) WELKER-OWNS-: mayo is hella good, thousand island is the best sauce
(70:39 / All) Flashbang_Omnix: look
(70:43 / All) DRATSABSUCKSNOW: He's even depicted as white, which is disgusting and false.
(70:45 / All) WELKER-OWNS-: we have 2 convo's going on here: mayonaise and religion. something isn't right
(70:46 / All) DRATSABSUCKSNOW: IF he existed
(70:52 / All) DRATSABSUCKSNOW: haha
(70:58 / All) Flashbang_Omnix: God could have made His own bible with his own signatures on it
(71:07 / All) Flashbang_Omnix: a signature that noone else can forge
(71:08 / All) DRATSABSUCKSNOW: God cannot intervene with the laws of nature
(71:17 / All) Flashbang_Omnix: but this ain't the case
(71:27 / All) Flashbang_Omnix: as there's the King James Version Holy Bible
(71:29 / All) Flashbang_Omnix: in English
(71:35 / All) WELKER-OWNS-: lebron is fat
(71:39 / All) DRATSABSUCKSNOW: The type of god that Einstein and others proposed that does not intervene with the physical laws of nature is much more plausib
(71:43 / All) DRATSABSUCKSNOW: usible.
(71:44 / All) Flashbang_Omnix: God trusts man to write down what He had said
(72:02 / All) WELKER-OWNS-: teal, if god exists, then why do babies and young people die?
(72:04 / All) DRATSABSUCKSNOW: Then God is foolish because man would only bend his will to suit their own
(72:12 / All) Flashbang_Omnix: i rather would believe in the Scriptures then in Einstein anyday
(72:22 / All) WELKER-OWNS-: answer me plz teal!
(72:34 / All) DRATSABSUCKSNOW: If God does not intervene because of free will, then why are people able to disbelieve in him if it only damns them for all
(72:36 / All) DRATSABSUCKSNOW: eternity?
(72:45 / All) WELKER-OWNS-: give me control red?
(72:51 / All) DRATSABSUCKSNOW: Nevermind that as I said earlier God did not even damn disbelievers until recently, apparently
(73:05 / All) DRATSABSUCKSNOW: Revisions of the Bible upon revisions
(73:52 / All) Flashbang_Omnix: alright I've played in the name of Jesus Christ something
(73:55 / All) Flashbang_Omnix: you'll see
(74:01 / All) Flashbang_Omnix: I'll win this
(74:07 / All) DRATSABSUCKSNOW: K, out and kill yourself you walking bag of trash fit for being exterminated
(74:13 / All) DRATSABSUCKSNOW: That is irrelevant to your religion btw
(74:17 / All) DRATSABSUCKSNOW: I just hate you as a person
(74:25 / All) Flashbang_Omnix: I don't have religion either
(74:45 / All) DRATSABSUCKSNOW: Based off of the forums, you are a goddamn cranially challenged lobotomized half-wit fit only for castration, extermination,
(74:49 / All) DRATSABSUCKSNOW: and removal from the gene pool.
(74:57 / All) DRATSABSUCKSNOW: In real life, I imagine you are even less pleasant.
(74:59 / All) Flashbang_Omnix: you hate me because you hate Who I believe in: in Jesus Christ!
(75:09 / All) DRATSABSUCKSNOW: No, I didn't even know you were religious until now
(75:19 / All) WELKER-OWNS-: STP[
(75:22 / All) WELKER-OWNS-: STOP
(75:27 / All) DRATSABSUCKSNOW: Also
(75:30 / All) DRATSABSUCKSNOW: You believe in God
(75:33 / All) DRATSABSUCKSNOW: Not an avatar of him
(75:50 / All) Flashbang_Omnix: I'm not sure what you mean by "avatar" but
(75:58 / All) Flashbang_Omnix: I want to believe in Jesus Christ
(75:59 / All) DRATSABSUCKSNOW: Dictionary.com
(76:02 / All) DRATSABSUCKSNOW: Or websters or something
(76:04 / All) DRATSABSUCKSNOW: look it up
(76:05 / All) Flashbang_Omnix: He saved my life from Hell!
(76:10 / All) DRATSABSUCKSNOW: you uneducated plebian catamite
(76:28 / All) Flashbang_Omnix: I'll never be able to repay Jesus Christ for what He has done for me
(76:36 / All) Flashbang_Omnix: on the cross
(76:45 / All) Flashbang_Omnix: I'm alright am I winner
(76:55 / All) DRATSABSUCKSNOW: You will repay him in blood on your death, and then know nothingness
(76:56 / All) Flashbang_Omnix: I mean I'm already am a winner in life
(77:08 / Allies) DRATSABSUCKSNOW: make farm there?

(78:57 / All) Flashbang_Omnix: victory is mine!
(79:05 / All) Flashbang_Omnix: in the name of Jesus Christ
(79:11 / All) Flashbang_Omnix: in the name of Jesus Christ
(79:12 / All) DRATSABSUCKSNOW: Keep thinking that, isn't much further stretched from the idea and belief of God
(79:15 / All) Flashbang_Omnix: i will win this game
(79:20 / All) Flashbang_Omnix: this match has been won by me
(79:29 / All) DRATSABSUCKSNOW: Science has disproven him, because he is the creation of Man and God was made in Man's own image
(80:01 / All) Flashbang_Omnix: lol this replay
(80:08 / All) DRATSABSUCKSNOW: It goes on highper.ch
(80:10 / All) Flashbang_Omnix: I've saved this replay
(80:17 / All) DRATSABSUCKSNOW: Already? Impossible
(80:22 / All) Flashbang_Omnix: and me and blue has won this!
(80:22 / All) DRATSABSUCKSNOW: We will upload it before you do
(80:26 / All) DRATSABSUCKSNOW: Nope.avi
(80:34 / All) Flashbang_Omnix: fine upload it then
(80:44 / All) Flashbang_Omnix: you just will glorify Jesus Christ
(80:46 / All) DRATSABSUCKSNOW: We will, and all will laugh at your defeat
(80:52 / All) DRATSABSUCKSNOW: Replay will be titled
(80:58 / All) Flashbang_Omnix: haha you mean YOUR defeat
(81:08 / All) DRATSABSUCKSNOW: "Flashbang_Omnix prays to God for victory"
(81:13 / All) DRATSABSUCKSNOW: Or maybe just Flashbang
(81:31 / All) DRATSABSUCKSNOW: How mad you are bro?